 Dungeon Crawl Stone Soup version 0.29.1 (webtiles) character file.

Game seed: 6880852672677129395

10932 MisterFreud the Covert (level 11, -2/89 HPs)
             Began as a Gnoll Delver on Sept 12, 2022.
             Was a High Priest of Kikubaaqudgha.
             Slain by a black mamba (14 damage)
             ... on level 2 of the Lair of Beasts.
             The game lasted 00:15:47 (13788 turns).

MisterFreud the Covert (Gnoll Delver)              Turns: 13788, Time: 00:15:48

Health: -2/89      AC:  9    Str: 17    XL:     11   Next: 69%
Magic:  21/21      EV: 15    Int: 17    God:    Kikubaaqudgha [*****.]
Gold:   121        SH:  0    Dex: 13    Spells: 23/23 levels left

rFire   . . .      SeeInvis .   u - +9 hand axe of Qazlal's Outrage {drain, Drain +Blink Str+4 Int+4}
rCold   . . .      Faith    .   (no shield)
rNeg    . . .      Spirit   .   b - +0 leather armour
rPois   .          Reflect  .   (no helmet)
rElec   .          Harm     .   o - +2 cloak
rCorr   .          Rampage  .   (no gloves)
Will    .....                   I - +1 pair of boots
Stlth   +++++.....              (no amulet)
HPRegen 0.24/turn               (no ring)
MPRegen 0.17/turn               (no ring)

@: mighty, lethally poisoned (-2 -> -14)
A: fangs 1, strong nose, distributed training
a: Renounce Religion, Evoke Blink, Unearth Wretches, Torment


You were on level 2 of the Lair of Beasts.
You worshipped Kikubaaqudgha.
Kikubaaqudgha was extremely pleased with you.
You visited 2 branches of the dungeon, and saw 11 of its levels.

You collected 341 gold pieces.
You spent 220 gold pieces at shops.

Inventory:

Hand Weapons
 a - a +0 short sword
 h - a +1 lajatang of draining
 u - the +9 hand axe of Qazlal's Outrage (weapon) {drain, Drain +Blink Str+4 Int+4}
   (You found it on level 4 of the Dungeon)

   A truly terrible weapon, it drains the life of any living foe it strikes.
   Str:       It affects your strength (+4).
   Int:       It affects your intelligence (+4).
   +Blink:    It lets you blink.
   Drain:     It drains your maximum health when unequipped.
Missiles
 p - 6 javelins (quivered)
 q - 6 datura-tipped darts
 y - 5 silver javelins
 z - 7 boomerangs
 E - 8 poisoned darts
 H - a curare-tipped dart
Armour
 b - a +0 leather armour (worn)
 o - a +2 cloak (worn)
 I - a +1 pair of boots (worn)
Jewellery
 B - a ring of ice
 C - a ring of protection from cold
 D - a ring of poison resistance
Wands
 g - a wand of digging (3)
 v - a wand of polymorph (14)
 w - a wand of mindburst (8)
 G - a wand of light (2)
Scrolls
 c - 2 scrolls of fog
 d - 4 scrolls of magic mapping
 e - 2 scrolls of fear
 j - a scroll of enchant weapon
 l - a scroll of teleportation
 m - 3 scrolls of blinking
 n - a scroll of poison
 r - 2 scrolls of immolation
 s - 2 scrolls of identify
 F - 2 scrolls of enchant armour
Potions
 f - 3 potions of haste
 i - 4 potions of heal wounds
 k - 4 potions of curing
 t - a potion of mutation
 x - 3 potions of flight
 A - a potion of ambrosia
 K - a potion of resistance


   Skills:
 + Level 9.5 Fighting
 + Level 8.3 Short Blades
 + Level 6.8 Long Blades
 + Level 6.8 Axes
 + Level 6.8 Maces & Flails
 + Level 6.8 Polearms
 + Level 6.8 Staves
 + Level 6.8 Ranged Weapons
 + Level 6.8 Throwing
 + Level 6.8 Armour
 + Level 8.3 Dodging
 + Level 11.7 Stealth
 + Level 6.8 Shields
 + Level 6.8 Unarmed Combat
 + Level 6.8 Spellcasting
 + Level 5.6 Conjurations
 + Level 5.6 Hexes
 + Level 5.6 Summonings
 + Level 5.6 Necromancy
 + Level 5.6 Translocations
 + Level 5.6 Transmutations
 + Level 5.6 Fire Magic
 + Level 5.6 Ice Magic
 + Level 5.6 Air Magic
 + Level 5.6 Earth Magic
 + Level 5.6 Poison Magic
 + Level 7.4 Invocations
 + Level 6.8 Evocations


You had 23 spell levels left.
You didn't know any spells.
Your spell library contained the following spells:

 Spells                   Type           Power      Damage    Failure   Level
 Necrotise                Necr           96%        1d8       1%          1
 Ensorcelled Hibernation  Hex/Ice        48%        N/A       1%          2
 Passwall                 Tmut/Erth      20%        N/A       1%          2
 Sublimation of Blood     Necr           24%        N/A       1%          2
 Conjure Flame            Conj/Fire      24%        6-21      4%          3
 Ignite Poison            Fire/Tmut/Pois 24%        N/A       4%          3
 Swiftness                Air            24%        N/A       4%          3
 Anguish                  Hex/Necr       12%        N/A       14%         4
 Animate Dead             Necr           24%        N/A       14%         4
 Corpse Rot               Necr/Pois/Air  24%        N/A       14%         4
 Dispel Undead            Necr           24%        3d12      14%         4
 Sticky Flame             Conj/Fire      24%        2d5       14%         4
 Borgnjor's Vile Clutch   Necr/Erth      12%        N/A       36%         5
 Fireball                 Conj/Fire      12%        3d7       36%         5
 Death Channel            Necr           12%        N/A       91%         6
 Simulacrum               Ice/Necr       12%        N/A       91%         6
 Starburst                Conj/Fire      12%        6d5       91%         6
 Ignition                 Fire           12%        3d6       100%        8


Dungeon Overview and Level Annotations

Branches:
Dungeon (9/15)             Temple (0/1) D:7            Lair (2/5) D:8
  Swamp (0/4) Lair:2          Orc (0/2) D:9
  Snake: Lair:2-3    Spider: Lair:2-3

Altars:
Ashenzari
Dithmenos
Gozag
Kikubaaqudgha
Nemelex Xobeh
Okawaru
Uskayaw
Xom
Zin

Shops:
D:2 [   D:3 *   D:5 [   D:8 ?

Portals:
Abyss: D:4

Annotations:
D:4 2 transporters, Camille's ghost, amateur DgIE
D:8 3 runed translucent doors, gabibbone's ghost, novice TeBr
Lair:1 3 runed translucent doors, Isauros's ghost, journeyman MiHu; Latzeonk's ghost, journeyman GrFi; Wuochyse's ghost, journeyman DEHW
Lair:2 Harold


Innate Abilities, Weirdness & Mutations

You have very sharp teeth.
Your uncanny sense of smell can sniff out nearby items.
Your experience applies equally to all skills.


Message History

The rime drake is heavily wounded.
You hear a bellow!
The rime drake bites you. x2
You hit the rime drake but do no damage.
You drain the rime drake.
The rime drake is heavily wounded.
The rime drake bites you but does no damage.
Save game and exit? [Y]es or [N]o only, please.
Save game and exit?
Okay, then.
Unknown command.
You feel very mighty all of a sudden. The black mamba barely misses you.
Harold says, "My wife will appreciate not having to wash blood out of my clothes anymore."
The rime drake barely misses you. The black mamba barely misses you.
You slice Harold!!
Harold is moderately wounded.
You slash the rime drake! You drain the rime drake.
You kill the rime drake!
Kikubaaqudgha accepts your kill.
You miss the black mamba.
The black mamba bites you but does no damage.
Harold completely misses you.
Unknown command.
The wolf howls!
You slash Harold! You bite Harold.
Harold is heavily wounded.
You slash the black mamba! You drain the black mamba! You miss the wolf.
The ice encasing you melts away.
You hear a bellow!
The black mamba bites you.
You are poisoned.
The black mamba poisons you! The wolf bites you.
* * * LOW HITPOINT WARNING * * *
Harold hits you with a +0 hand axe!
* * * LOW HITPOINT WARNING * * *
The black mamba bites you!
You die...
Kikubaaqudgha rasps: "You have failed me!
Welcome... death!"

...S...$...#
...........#
...........#
...........##
............##.
...=...$....>..
...............
#####.@hS....h.
##.@##.#### #..#
## ##..### ##
###...#.##.# ##
#...#.....#.#..#
....<........$..#
.....[.....†....##
.................#
.#..#.##..###.####


You could see Harold, a black mamba (drained) and 2 wolves.

Vanquished Creatures
  6 elephants (Lair:1)
  A black mamba (Lair:1)
  2 rime drakes
  4 cane toads (Lair:1)
  2 komodo dragons
  Prince Ribbit (D:9)
  Eustachio (D:4)
  Menkaure (D:7)
  3 water moccasins
  A swamp drake (Lair:2)
  3 orc warriors
  An ice beast (D:6)
  A sky beast (D:7)
  2 ogres
  21 wolves
  4 centaurs
  A phantom (D:4)
  A kobold brigand (D:9)
  Blork the orc (D:4)
  7 bullfrogs
  A necrophage (D:7)
  3 gnoll sergeants
  2 scorpions (D:5)
  7 killer bees (D:8)
  A howler monkey (D:9)
  7 hounds
  6 orc priests
  2 gnoll boudas
  4 jellies
  6 iguanas
  13 orc wizards
  Robin (D:3)
  28 gnolls
  7 adders
  A white imp (D:7)
  An ufetubus (D:6)
  2 worms (D:3)
  63 orcs
  6 bats
  7 endoplasms
  A giant cockroach (D:1)
  14 goblins
  3 hobgoblins (D:3)
  6 jackals
  5 quokkas
  5 ball pythons
  5 frilled lizards
  9 kobolds
  5 rats
285 creatures vanquished.

Vanquished Creatures (others)
  12 fungi
  16 plants
28 creatures vanquished.

Grand Total: 313 creatures vanquished

Notes
Turn   | Place    | Note
-------+----------+-------------------------------------------
     0 | D:5      | Reached skill level 9 in Stealth
     0 | D:5      | MisterFreud the Gnoll Delver began the quest for the Orb.
     0 | D:5      | Reached XP level 1. HP: 23/23 MP: 1/1
    22 | D:6      | Noticed a bullfrog
    22 | D:6      | Noticed a gnoll bouda
    26 | D:5      | Reached XP level 2. HP: 29/29 MP: 2/2
    56 | D:5      | Noticed a scorpion
   142 | D:4      | Reached skill level 1 in Invocations
   142 | D:4      | Reached XP level 3. HP: 23/35 MP: 2/4
   515 | D:1      | Found a faded altar of an unknown god.
   566 | D:1      | Prayed at the altar of an unknown god.
   566 | D:1      | Became a worshipper of Kikubaaqudgha
   566 | D:1      | Reached * piety under Kikubaaqudgha
   566 | D:1      | Received a gift from Kikubaaqudgha
   604 | D:1      | Reached skill level 1 in Long Blades
   604 | D:1      | Reached skill level 1 in Axes
   604 | D:1      | Reached skill level 1 in Maces & Flails
   604 | D:1      | Reached skill level 1 in Polearms
   604 | D:1      | Reached skill level 1 in Staves
   604 | D:1      | Reached skill level 1 in Ranged Weapons
   604 | D:1      | Reached skill level 1 in Throwing
   604 | D:1      | Reached skill level 1 in Armour
   604 | D:1      | Reached skill level 1 in Shields
   604 | D:1      | Reached skill level 1 in Unarmed Combat
   604 | D:1      | Reached skill level 1 in Spellcasting
   604 | D:1      | Reached skill level 1 in Evocations
  1291 | D:2      | Reached XP level 4. HP: 41/41 MP: 5/5
  1437 | D:2      | Found Omniromo's Antique Armour Shop.
  1509 | D:2      | Identified the +9 rapier of Eqyoguwn {vorpal, rPois Dex+5}
  1581 | D:2      | Reached skill level 1 in Conjurations
  1581 | D:2      | Reached skill level 1 in Hexes
  1581 | D:2      | Reached skill level 1 in Summonings
  1581 | D:2      | Reached skill level 1 in Necromancy
  1581 | D:2      | Reached skill level 1 in Translocations
  1581 | D:2      | Reached skill level 1 in Transmutations
  1581 | D:2      | Reached skill level 1 in Fire Magic
  1581 | D:2      | Reached skill level 1 in Ice Magic
  1581 | D:2      | Reached skill level 1 in Air Magic
  1581 | D:2      | Reached skill level 1 in Earth Magic
  1581 | D:2      | Reached skill level 1 in Poison Magic
  1653 | D:2      | Reached ** piety under Kikubaaqudgha
  2071 | D:3      | Noticed a +0 dagger
  2071 | D:3      | Noticed a +0 dagger
  2072 | D:3      | Found a hide-covered altar of Uskayaw.
  2101 | D:3      | HP: 2/41 [bat[an orc] (1)]
  2343 | D:4      | Found a sparkling altar of Nemelex Xobeh.
  2407 | D:4      | Identified the +9 hand axe of Qazlal's Outrage {drain,
                  | Drain +Blink Str+4 Int+4}
  2451 | D:4      | Found a transporter.
  2467 | D:4      | Found a one-way gate to the infinite horrors of the Abyss.
  2467 | D:4      | Noticed Camille's ghost (amateur DgIE)
  2545 | D:3      | Reached XP level 5. HP: 45/47 MP: 5/7
  2600 | D:3      | Noticed Robin
  2612 | D:3      | Killed Robin
  2773 | D:3      | Found Zin's Purification Station.
  2776 | D:3      | Found a glowing silver altar of Zin.
  3200 | D:3      | Found a shimmering altar of Xom.
  3270 | D:3      | Reached XP level 6. HP: 48/53 MP: 8/8
  3468 | D:3      | Reached skill level 5 in Short Blades
  3468 | D:3      | Reached skill level 5 in Dodging
  3525 | D:4      | Noticed Blork the orc
  3533 | D:4      | Killed Blork the orc
  3533 | D:4      | Reached *** piety under Kikubaaqudgha
  3533 | D:4      | Received a gift from Kikubaaqudgha
  3699 | D:4      | Found a transporter.
  3982 | D:4      | Noticed Eustachio
  3988 | D:4      | Reached XP level 7. HP: 58/60 MP: 10/10
  3992 | D:4      | Killed Eustachio
  4218 | D:5      | Reached skill level 10 in Stealth
  4532 | D:5      | Reached XP level 8. HP: 40/67 MP: 12/12
  4657 | D:5      | Found Bacaxosi's Armour Emporium.
  4959 | D:5      | Found a broken altar of Ashenzari.
  5123 | D:5      | Found an iron altar of Okawaru.
  5132 | D:5      | Found an opulent altar of Gozag.
  5397 | D:6      | Reached **** piety under Kikubaaqudgha
  5979 | D:6      | Reached XP level 9. HP: 73/73 MP: 14/14
  6649 | D:7      | Noticed Menkaure
  6657 | D:7      | Killed Menkaure
  6987 | D:7      | Noticed an angel
  7104 | D:7      | Noticed a rust devil
  7117 | D:7      | Found a staircase to the Ecumenical Temple.
  7152 | D:7      | Reached skill level 5 in Invocations
  7990 | D:8      | Found Ice Edwy's Magic Scroll Boutique.
  7993 | D:8      | Bought a scroll of brand weapon for 123 gold pieces
  7993 | D:8      | Bought a scroll of enchant armour for 97 gold pieces
  8317 | D:8      | Found a runed translucent gate.
  8317 | D:8      | Found a runed translucent gate.
  8319 | D:8      | Found a runed translucent gate.
  8323 | D:8      | Noticed gabibbone's ghost (novice TeBr)
  8505 | D:8      | Found a staircase to the Lair.
  8664 | D:9      | Found a shadowy altar of Dithmenos.
  8685 | D:9      | Reached skill level 5 in Long Blades
  8685 | D:9      | Reached skill level 5 in Axes
  8685 | D:9      | Reached skill level 5 in Maces & Flails
  8685 | D:9      | Reached skill level 5 in Polearms
  8685 | D:9      | Reached skill level 5 in Staves
  8685 | D:9      | Reached skill level 5 in Ranged Weapons
  8685 | D:9      | Reached skill level 5 in Throwing
  8685 | D:9      | Reached skill level 5 in Armour
  8685 | D:9      | Reached skill level 5 in Shields
  8685 | D:9      | Reached skill level 5 in Unarmed Combat
  8685 | D:9      | Reached skill level 5 in Spellcasting
  8685 | D:9      | Reached skill level 5 in Evocations
  8861 | D:9      | Reached XP level 10. HP: 81/81 MP: 17/17
  8882 | D:9      | Found a staircase to the Orcish Mines.
  8901 | D:9      | Reached ***** piety under Kikubaaqudgha
 10083 | D:9      | Noticed Prince Ribbit
 10099 | D:9      | Killed Prince Ribbit
 10100 | D:9      | Reached skill level 11 in Stealth
 10835 | Lair:1   | Entered Level 1 of the Lair of Beasts
 10858 | Lair:1   | Found a runed translucent gate.
 10858 | Lair:1   | Found a runed translucent gate.
 10858 | Lair:1   | Found a runed translucent gate.
 10863 | Lair:1   | Noticed Isauros's ghost (journeyman MiHu)
 10864 | Lair:1   | Noticed Wuochyse's ghost (journeyman DEHW)
 10864 | Lair:1   | Noticed Latzeonk's ghost (journeyman GrFi)
 10906 | Lair:1   | Noticed a cane toad
 10915 | Lair:1   | Killed a cane toad
 11273 | Lair:1   | Noticed a cane toad
 11281 | Lair:1   | Killed a cane toad
 11291 | Lair:1   | HP: 4/82 [poisoned by a cane toad]
 11706 | Lair:1   | Noticed a cane toad
 11707 | Lair:1   | Noticed a black mamba
 11729 | Lair:1   | Noticed an elephant
 11733 | Lair:1   | Noticed an elephant
 11736 | Lair:1   | Noticed an elephant
 11738 | Lair:1   | Noticed an elephant
 11739 | Lair:1   | Noticed an elephant
 11743 | Lair:1   | Noticed an elephant
 12196 | Lair:1   | Killed a cane toad
 12531 | Lair:1   | Noticed a black mamba
 12549 | Lair:1   | Killed a black mamba
 12550 | Lair:1   | Reached skill level 5 in Conjurations
 12550 | Lair:1   | Reached skill level 5 in Hexes
 12550 | Lair:1   | Reached skill level 5 in Summonings
 12550 | Lair:1   | Reached skill level 5 in Necromancy
 12550 | Lair:1   | Reached skill level 5 in Translocations
 12550 | Lair:1   | Reached skill level 5 in Transmutations
 12550 | Lair:1   | Reached skill level 5 in Fire Magic
 12550 | Lair:1   | Reached skill level 5 in Ice Magic
 12550 | Lair:1   | Reached skill level 5 in Air Magic
 12550 | Lair:1   | Reached skill level 5 in Earth Magic
 12550 | Lair:1   | Reached skill level 5 in Poison Magic
 12550 | Lair:1   | Reached XP level 11. HP: 72/89 MP: 18/20
 13539 | Lair:2   | Found a staircase to the Swamp.
 13770 | Lair:2   | Noticed Harold
 13788 | Lair:2   | Slain by a black mamba

Illustrated notes

Levels and vault maps discovered:
D:1:      ncdulo_watergridlock, layout_basic, basic_ecumenical_altar
D:2:      layout_loops_cross, serial_shops, shop
D:3:      layout_loops_corners, dancing_weapons_uskayaw, zin_purify,
          xom_confusion_cloud, uniq_robin
D:4:      layout_gridville, nemelex_xobeh_ov_fountains_minmay,
          gammafunk_ghost_abyssal_escape, uniq_blork_the_orc, uniq_eustachio
D:5:      layout_basic, ashenzari_conservatory_becter,
          mainiacjoe_overflow_swirl, serial_curves, eino_curves_01,
          eino_curves_01, serial_shops,
          nicolae_shop_temple_entry_statues_fountains
D:6:      layout_loops_ring
D:7:      layout_gridville, temple_garden, uniq_menkaure
D:8:      layout_basic, lair_entry_dummy, gammafunk_ghost_necromancy,
          serial_shops, kennysheep_mini, hangedman_abyss_or_decor_lesser_grid
D:9:      layout_long_grid, nicolae_dithmenos_the_darkroom, hiddenorc2_lemuel,
          uniq_prince_ribbit1
Lair:1:   layout_cave_pods, gammafunk_ghost_cemetery, minivault_25,
          st_stairs_13, grunt_forest_large_clearings,
          infiniplex_staircase_pool_2
Lair:2:   regret_index_combs_of_tragedy, layout_long_grid,
          minmay_swamp_entry_reptiles, lemuel_fruit_tree, uniq_harold,
          uniq_erica

Skill      XL: |  1  2  3  4  5  6  7  8  9 10 11 |
---------------+----------------------------------+-----
Stealth        | 10 11 | 11.7
Invocations    | 1 2 3 4 5 6 7 |  7.4
Long Blades    | 1 2 3 5 6 |  6.8
Axes           | 1 2 3 5 6 |  6.8
Maces & Flails | 1 2 3 5 6 |  6.8
Polearms       | 1 2 3 5 6 |  6.8
Staves         | 1 2 3 5 6 |  6.8
Ranged Weapons | 1 2 3 5 6 |  6.8
Throwing       | 1 2 3 5 6 |  6.8
Armour         | 1 2 3 5 6 |  6.8
Shields        | 1 2 3 5 6 |  6.8
Unarmed Combat | 1 2 3 5 6 |  6.8
Spellcasting   | 1 2 3 5 6 |  6.8
Evocations     | 1 2 3 5 6 |  6.8
Conjurations   | 1 2 3 4 5 |  5.6
Hexes          | 1 2 3 4 5 |  5.6
Summonings     | 1 2 3 4 5 |  5.6
Necromancy     | 1 2 3 4 5 |  5.6
Translocations | 1 2 3 4 5 |  5.6
Transmutations | 1 2 3 4 5 |  5.6
Fire Magic     | 1 2 3 4 5 |  5.6
Ice Magic      | 1 2 3 4 5 |  5.6
Air Magic      | 1 2 3 4 5 |  5.6
Earth Magic    | 1 2 3 4 5 |  5.6
Poison Magic   | 1 2 3 4 5 |  5.6
Short Blades   | 5 6 7 8 |  8.3
Dodging        | 5 6 7 8 |  8.3
Fighting       | 7 8 9 |  9.5

Action                   |  1- 3 |  4- 6 |  7- 9 | 10-12 || total
-------------------------+-------+-------+-------+-------++-------
Melee: Lajatang          |    49 |    47 |       |       ||    96
       Bite              |     1 |    10 |    14 |    42 ||    67
       Hand axe          |       |    82 |   234 |   357 ||   673
       Punch             |       |       |     8 |     9 ||    17
  Use: Potion            |       |     1 |     2 |     2 ||     5
       Scroll            |       |       |    16 |     4 ||    20
 Stab: Sleeping          |     8 |    13 |    14 |     1 ||    36
       Confused          |       |     1 |       |       ||     1
       Distracted        |       |       |     1 |       ||     1
Armor: Leather armour    |    22 |    62 |    46 |   118 ||   248
       Skin              |       |       |     9 |       ||     9
Dodge: Dodged            |    35 |   130 |   164 |   285 ||   614
